 Dungeon Crawl Stone Soup version 0.19.0-18-g426998a (webtiles) character file.

12 Madoushi the Firebug (level 2, 0/15 HPs)
             Began as a Gargoyle Fire Elementalist on Nov 12, 2016.
             Was a Follower of Elyvilon.
             Slain by a quokka (3 damage)
             ... on level 2 of the Dungeon.
             The game lasted 00:07:37 (692 turns).

Madoushi the Firebug (Gargoyle Fire Elementalist)    Turns: 692, Time: 00:07:38

Health: 0/15       AC: 12    Str: 11    XL:     2   Next: 33%
Magic:  2/5        EV:  2    Int: 15    God:    Elyvilon [*.....]
Gold:   40         SH:  0    Dex: 10    Spells: 1 memorised, 4 levels left

rFire  . . .     SeeInvis .     m - +0 short sword
rCold  . . .     Gourm    .     d - +0 plate armour (curse)
rNeg   + . .     Faith    .     (no shield)
rPois  ∞         Spirit   .     (no helmet)
rElec  +         Reflect  .     (no cloak)
rCorr  .         Harm     .     (no gloves)
MR     .....                    (no boots)
Stlth  ..........               (no amulet)
                                (no ring)
                                (no ring)

@: contaminated, glowing
A: negative energy resistance 1, electricity resistance, unbreathing,
petrification resistance, rot immunity, AC +2
a: Lesser Healing, Divine Protection, Renounce Religion


You were on level 2 of the Dungeon.
You worshipped Elyvilon.
Elyvilon was aware of your devotion.
You were not hungry.

You visited 1 branch of the dungeon, and saw 2 of its levels.

You collected 40 gold pieces.

Inventory:

Hand Weapons
 f - a +0 dagger
 m - a +0 short sword (weapon)
Missiles
 e - 25 sling bullets
 g - 14 stones (quivered)
 h - 25 arrows
Armour
 a - a +0 robe
 d - a cursed +0 plate armour (worn)
Scrolls
 i - a scroll of teleportation {unknown}
 j - a scroll of enchant armour {unknown}
 n - a scroll of fear {unknown}
Potions
 k - a potion of flight {unknown}
Books
 b - a book of Flames

   Spells                             Type                      Level
   a - Flame Tongue                   Conjuration/Fire             1
   b - Throw Flame                    Conjuration/Fire             2
   c - Conjure Flame                  Conjuration/Fire             3
   d - Inner Flame                    Hexes/Fire                   3
   e - Sticky Flame                   Conjuration/Fire             4
   f - Fireball                       Conjuration/Fire             5
Comestibles
 c - 2 bread rations


   Skills:
 + Level 1.6 Dodging
 + Level 2.2 Stealth
 + Level 0.2 Unarmed Combat
 + Level 2.1 Spellcasting
 + Level 1.3 Conjurations
 + Level 3.3 Fire Magic


You had 4 spell levels left.
You knew the following spells:

 Your Spells              Type           Power        Failure   Level  Hunger
a - Flame Tongue          Conj/Fire      #....        100%        1    #......


Dungeon Overview and Level Annotations

Branches:
Dungeon (2/15)

Altars:
Elyvilon
Nemelex Xobeh


Innate Abilities, Weirdness & Mutations

You are resistant to torment.
Your stone body is resilient. (AC +2)
You are immune to poison.
You resist negative energy. (rN+)
You are resistant to electric shocks. (rElec)
You can survive without breathing.
You are immune to petrification.
You are immune to rotting.


Message History

Heat runs through your body. The quokka bites you.
* * * LOW HITPOINT WARNING * * *
Casting: Flame Tongue
Confirm with . or Enter, or press ? or * to list all spells.
Aiming: Flame Tongue
Press: ? - help, Shift-Dir - straight line, f/p - quokka
Aim: a quokka You miscast Flame Tongue.
Wisps of smoke drift from your hands.
The quokka bites you but does no damage.
A kobold comes into view. It is wielding a club.
The kobold shouts!
The quokka bites you but does no damage.
The hobgoblin hits you but does no damage.
The quokka bites you.
* * * LOW HITPOINT WARNING * * *
The kobold throws a stone.
The stone hits you but does no damage.
You see here a stone.
The hobgoblin hits you but does no damage.
The quokka bites you.
You die...

#.###....#...# # ####
.###.#........#.####..( P.P.#
........♣..♣.....)..# .PP..###
#.#............##.# ..♣ P..##
#...♣......♣...##.#. #.♣♣♣PPP#
#...............⌠.⌠. #.P♣♣...##
##K.............._..
#....♣♣PP#####..♣......♣...#⌠.⌠#
..#..P♣P...##...@(.w.......#..##
.###P..♣...†....rg♣..♣...>....#
.# ###.PP..)####...w.......##$..
### #.####.# ##..........# ##
..####......# #####.####.#
....#####.### #.# .#
.#.........# #g# .# #_#....#.#.#
#.. .r .#.....#.#.. ... .


You could see 2 worms, a quokka, a hobgoblin and a kobold.

Vanquished Creatures
  A leopard gecko (D:1)
  A giant cockroach (D:2)
  2 hobgoblins (D:1)
  3 kobolds
  A bat (D:1)
  A frilled lizard (D:2)
  3 rats (D:1)
12 creatures vanquished.

Notes
Turn   | Place    | Note
-------+----------+-------------------------------------------
     0 | D:1      | Madoushi the Gargoyle Fire Elementalist began the quest for the Orb.
     0 | D:1      | Reached XP level 1. HP: 10/10 MP: 3/3
   190 | D:1      | Reached XP level 2. HP: 10/15 MP: 5/5
   391 | D:2      | Found a faded altar of an unknown god.
   433 | D:2      | Became a worshipper of Elyvilon the Healer
   433 | D:2      | Reached * piety under Elyvilon
   616 | D:2      | Found a sparkling altar of Nemelex Xobeh.
   692 | D:2      | Slain by a quokka

Action                   || total
-------------------------++-------
Melee: Unarmed           ||     9
       Dagger            ||   128
       Short sword       ||    16
 Cast: Flame Tongue      ||     6
Armor: Robe              ||    10
       Plate armour      ||    53
Dodge: Dodged            ||    15
